 Dungeon Crawl Stone Soup version 0.17.0-28-g6e173f8 (webtiles) character file.

1948 R18 the Martial Artist (level 9, -1/74 (75) HPs)
             Began as a Naga Monk on Nov 27, 2015.
             Was a Believer of Qazlal.
             Slain by an orc warrior
             ... wielding a +0 war axe of electrocution
              (17 damage)
             ... on level 5 of the Dungeon.
             The game lasted 00:25:41 (7291 turns).

R18 the Martial Artist (Naga Monk)                  Turns: 7291, Time: 00:25:41

HP:   -1/74 (75)    AC:  4    Str: 13    XL:     9   Next: 18%
MP:   9/9           EV: 10    Int: 11    God:    Qazlal [**....]
Gold: 283           SH:  2    Dex: 17    Spells: 0 memorised, 8 levels left

rFire  . . .     SeeInvis +       - Unarmed
rCold  . . .     Clarity  .     h - +0 leather armour
rNeg   + . .     SustAt   .     (no shield)
rPois  +         Gourm    .     (no helmet)
rElec  .         Spirit   .     (no cloak)
rCorr  .         Warding  .     (no gloves)
rMut   .         Stasis   .     (no barding)
MR     +....                    m - amulet of faith
Stlth  ++........               (no ring)
                                u - ring of positive energy

@: about to teleport, very slow, somewhat resistant to hostile enchantments,
unstealthy
A: see invisible, deformed body, poison resistance, slowness 2, slow metabolism
1, spit poison 2, AC +3
a: Spit Poison, Upheaval, Renounce Religion


You were on level 5 of the Dungeon.
You worshipped Qazlal.
Qazlal was pleased with you.
You were not hungry.

You visited 2 branches of the dungeon, and saw 7 of its levels.

You collected 283 gold pieces.

Inventory:

Hand Weapons
 b - a +1 hunting sling
Missiles
 e - 8 curare-tipped needles
 g - 7 javelins (quivered)
 n - 12 steel sling bullets
 p - 71 stones
Armour
 h - a +0 leather armour (worn)
 i - a +0 large shield
Jewellery
 m - an amulet of faith (around neck)
 u - a ring of positive energy (left hand)
Scrolls
 d - 2 scrolls of teleportation
 q - 2 scrolls of identify
 t - a scroll of fog
Potions
 f - a potion of flight {unknown}
 j - a potion of ambrosia
 k - a potion of haste {unknown}
Comestibles
 a - a beef jerky
 c - a chunk of flesh
 o - 8 bread rations


   Skills:
 - Level 3.0 Fighting
 - Level 3.2 Armour
 - Level 2.4 Dodging
 - Level 3.0 Stealth
 + Level 4.2 Shields
 + Level 10.2 Unarmed Combat
 * Level 0.9 Invocations


You had 8 spell levels left.
You didn't know any spells.

Dungeon Overview and Level Annotations

Branches:
Dungeon (6/15)             Temple (1/1) D:4

Altars:
Cheibriados
Dithmenos
Elyvilon
Fedhas
Gozag
Kikubaaqudgha
Makhleb
Okawaru
Qazlal
Ru
Sif Muna
Trog
Vehumet
Yredelemnul
Zin
The Shining One

Annotations:
D:3 exclusion: downstairs
D:4 Dickchan's ghost, novice GrFi


Innate Abilities, Weirdness & Mutations

You cannot wear boots.
Your serpentine skin is tough (AC +3).
You have supernaturally acute eyesight.
Armour fits poorly on your strangely shaped body.
Your system is resistant to poisons.
You cover ground very slowly.
You have a slow metabolism.
You can spit poison.


Message History

The hound zombie bites you but does no damage.
The hound zombie is engulfed in freezing vapours.
The hound zombie bites you but does no damage.
The hound zombie is engulfed in freezing vapours. x2
You destroy the hound zombie!
Qazlal accepts your kill.
There is a stone staircase leading up here.
The orc shouts!
The orc warrior hits you with a war axe of electrocution!!
You are electrocuted!
The orc throws a tomahawk.
The tomahawk hits you.
You climb upwards.
There is a stone staircase leading down here.
Unknown command.
Read which item? (? for menu, Esc to quit)
As you read the scroll of teleportation, it crumbles to dust.
You feel strangely unstable.
The orc warrior hits you with a war axe of electrocution!
* * * LOW HITPOINT WARNING * * *
You are electrocuted!
You die...

## #####..## ###<# ##...( .#
#..# ####...# #..[.# .# #..#
##..##### #.#... .###
#..#####....# ###.#)## ...#
#...<.##_.⌠.####....)# ##.####
#)###.##.....#.......# #....#
#)# #..##....#)#.....# #####.#
#.# ##..#⌠...'.###...#
....#.#####.####@##....###
##..## ###.......[)....o#.....#
#...#
###.######.#..##_.⌠.#######....
#.# ##.#...#....##......#..
#.## #......##..##.......#.#
#..# #(.##[########......#..
##.## #.)...### #...#######..
#..###.......# ###..# #.)
##..##.......# ##.### #..


You could see an orc warrior.

Vanquished Creatures
  Pikel (D:4)
  A sky beast (D:4)
  2 ice beasts (D:5)
  2 slaves (D:4)
  A necrophage (D:5)
  An ogre (D:4)
  A phantom (D:4)
  2 scorpions
  2 crimson imps (D:5)
  A centaur skeleton (D:4)
  An iguana (D:4)
  5 orc priests
  A giant frog skeleton (D:5)
  A hound (D:5)
  3 orc wizards
  Natasha (twice) (D:4)
  5 worker ants
  A hound zombie (D:6)
  Robin (D:3)
  4 gnolls (D:4)
  10 adders
  A shadow imp (D:4)
  2 oozes
  2 worms
  An adder skeleton (D:5)
  A giant gecko (D:4)
  19 orcs
  7 giant cockroaches
  10 hobgoblins
  8 jackals
  5 quokkas
  3 ball pythons
  9 bats
  5 giant newts
  19 goblins
  4 kobolds
  A quokka skeleton (D:5)
  8 rats
153 creatures vanquished.

Vanquished Creatures (others)
  A slave (D:4)
  An orc wizard (D:4)
  Natasha (D:4)
  A giant gecko (D:4)
4 creatures vanquished.

Grand Total: 157 creatures vanquished

Notes
Turn   | Place    | Note
--------------------------------------------------------------
     0 | D:1      | R18 the Naga Monk began the quest for the Orb.
     0 | D:1      | Reached XP level 1. HP: 21/21 MP: 1/1
    96 | D:1      | Reached XP level 2. HP: 21/28 MP: 2/2
   498 | D:1      | Reached skill level 1 in Armour
   826 | D:2      | Reached XP level 3. HP: 30/34 MP: 3/3
   919 | D:2      | Found an ancient bone altar of Kikubaaqudgha.
   940 | D:2      | Found a radiant altar of Vehumet.
  1507 | D:2      | Reached XP level 4. HP: 40/42 MP: 4/4
  1571 | D:2      | Reached skill level 5 in Unarmed Combat
  2042 | D:3      | Noticed Robin
  2043 | D:3      | Reached XP level 5. HP: 44/49 MP: 5/5
  2056 | D:3      | Killed Robin
  3042 | D:4      | Noticed Dickchan's ghost (novice GrFi)
  3417 | D:4      | Reached XP level 6. HP: 38/56 MP: 6/6
  3520 | D:4      | Reached skill level 6 in Unarmed Combat
  3528 | D:4      | Noticed a sky beast
  3561 | D:4      | Killed a sky beast
  4125 | D:4      | Noticed a slave
  4126 | D:4      | Noticed Pikel
  4126 | D:4      | Noticed a slave
  4143 | D:4      | Killed a slave
  4154 | D:4      | Noticed a slave
  4170 | D:4      | Killed a slave
  4276 | D:4      | Reached XP level 7. HP: 26/62 MP: 7/7
  4286 | D:4      | Reached skill level 7 in Unarmed Combat
  4340 | D:4      | Noticed a slave
  4355 | D:4      | Killed Pikel
  4355 | D:4      | Reached skill level 8 in Unarmed Combat
  4355 | D:4      | Reached XP level 8. HP: 7/69 MP: 8/8
  4745 | D:4      | Found a staircase to the Ecumenical Temple.
  4754 | Temple   | Entered the Ecumenical Temple
  5027 | D:4      | Noticed Natasha
  5256 | D:4      | Killed a freed slave
  5270 | D:5      | Entered Level 5 of the Dungeon
  5461 | D:4      | Killed Natasha
  5553 | D:4      | Reached skill level 9 in Unarmed Combat
  5717 | D:4      | Killed Natasha
  5752 | D:4      | Noticed Natasha
  5754 | D:4      | Killed Natasha
  6405 | D:5      | Found a sacrificial altar of Ru.
  6410 | D:5      | Found a glowing golden altar of the Shining One.
  6410 | D:5      | Found a burning altar of Makhleb.
  6410 | D:5      | Found an iron altar of Okawaru.
  6431 | D:5      | Reached XP level 9. HP: 51/74 MP: 9/9
  6439 | D:5      | Reached skill level 10 in Unarmed Combat
  6910 | D:5      | Found a stormy altar of Qazlal.
  6911 | D:5      | Found a deep blue altar of Sif Muna.
  6917 | D:5      | Became a worshipper of Qazlal Stormbringer
  6917 | D:5      | Reached * piety under Qazlal
  6917 | D:5      | Reached ** piety under Qazlal
  7291 | D:5      | Slain by an orc warrior

Action                   |  1- 3 |  4- 6 |  7- 9 || total
-------------------------+-------+-------+-------++-------
Melee: Unarmed           |   109 |   212 |   238 ||   559
 Fire: Hunting sling     |       |     2 |    12 ||    14
Throw: Javelin           |    17 |    17 |    18 ||    52
       Stone             |       |       |     6 ||     6
 Abil: Spit Poison       |     3 |    22 |    25 ||    50
  Use: Potion            |     1 |     3 |       ||     4
       Scroll            |       |     7 |     5 ||    12
 Stab: Sleeping          |     8 |     2 |       ||    10
       Distracted        |       |     1 |       ||     1
  Eat: Chunk             |     1 |     4 |     6 ||    11
       Meat ration       |       |     1 |       ||     1
       Beef jerky        |       |     1 |       ||     1
       Royal jelly       |       |       |     1 ||     1
